 Dungeon Crawl Stone Soup version 0.30.1-4-g462c640d31 (webtiles) character file.

Game seed: 13840915859740155409

693 Babbit the Covered (level 7, -5/61 HPs)
             Began as a Minotaur Fighter on Aug 11, 2023.
             Was a Follower of Okawaru.
             Slain by a yak (6 damage)
             ... on level 4 of the Dungeon.
             The game lasted 00:12:55 (3962 turns).

Babbit the Covered (Minotaur Fighter)               Turns: 3962, Time: 00:12:56

Health: -5/61      AC: 12    Str: 22    XL:     7   Next: 37%
Magic:  6/6        EV: 10    Int:  5    God:    Okawaru [*.....]
Gold:   199        SH:  4    Dex: 10    Spells: 6/6 levels left

rFire   . . .        a - +0 war axe
rCold   . . .        c - +0 buckler
rNeg    . . .        b - +0 scale mail
rPois   .            (helmet restricted)
rElec   .            o - +0 cloak
rCorr   .            (no gloves)
SInv    .            y - +2 pair of boots
Will    .....        (no amulet) Stlth
                     (no ring)
HPRegen 0.30/turn    (no ring)
MPRegen 0.10/turn

%: no passive effects
@: no status effects
A: horns 2, retaliatory headbutt
a: Renounce Religion, Heroism


You were on level 4 of the Dungeon.
You worshipped Okawaru.
Okawaru was aware of your devotion.
You visited 2 branches of the dungeon, and saw 6 of its levels.

You collected 199 gold pieces.

Inventory:

Hand Weapons
 a - a +0 war axe (weapon)
Missiles
 w - 2 javelins (quivered)
Armour
 b - a +0 scale mail (worn)
 c - a +0 buckler (worn)
 o - a +0 cloak (worn)
 y - a +2 pair of boots (worn)
Wands
 r - a wand of digging (5)
Scrolls
 e - a scroll of fog {unknown}
 f - a scroll of torment {unknown}
 k - 2 scrolls of teleportation {unknown}
 l - a scroll of blinking {unknown}
 m - 3 scrolls of identify
 t - a scroll of fear
 u - a scroll of vulnerability {unknown}
 v - a scroll of poison {unknown}
Potions
 g - a potion of brilliance {unknown}
 h - a potion of heal wounds {unknown}
 i - a potion of curing {unknown}
 j - 2 potions of mutation
 n - a potion of degeneration {unknown}
 q - a potion of resistance {unknown}
 s - a potion of lignification {unknown}
 x - a potion of ambrosia {unknown}


   Skills:
 + Level 5.0 Fighting
 + Level 6.5 Axes
 + Level 0.4 Throwing
 + Level 6.8 Armour
 + Level 1.1 Dodging
 + Level 0.4 Stealth
 + Level 4.4 Shields


You had 6 spell levels left.
You didn't know any spells.
Your spell library contained the following spells:

 Spells                   Type           Power      Damage    Failure   Level
 Ensorcelled Hibernation  Hex/Ice        0%         N/A       93%         2
 Passwall                 Tmut/Erth      0%         N/A       93%         2
 Scorch                   Fire           0%         2d5       93%         2
 Swiftness                Air            0%         N/A       99%         3
 Flame Wave               Conj/Fire      0%         2d4       100%        4
 Summon Cactus Giant      Summ           Unusable   N/A       N/A         6

Dungeon Overview and Level Annotations

Branches:
Dungeon (5/15)             Temple (1/1) D:4

Altars:
Dithmenos
Elyvilon
Fedhas
Gozag
Nemelex Xobeh
Okawaru
Uskayaw
Vehumet


Innate Abilities, Weirdness & Mutations

You have a pair of horns on your head.
You reflexively headbutt those who attack you in melee.


Message History

You start resting.
You flicker for a moment.
You start resting.
You flicker back into view.
You start resting.
You feel a little less mighty now.
You start resting.
HP restored.
You see here a yak corpse.
There is a stone staircase leading down, spattered with blood here.
There is a stone staircase leading down, spattered with blood here.
You climb downwards.
The yak gores you! The yak gores you.
There is a stone staircase leading up, spattered with blood here.
The yak gores you! You block the yak's attack.
You climb upwards.
There is a stone staircase leading down, spattered with blood here.
You hit the yak but do no damage. Your headbutt misses the yak.
You hit the yak. The yak gores you but does no damage.
The yak closely misses you.
You barely miss the yak. You hit the yak. The yak misses you.
You block the yak's attack. x2; The yak closely misses you.
You hit the yak.
The yak is lightly wounded.
You hit the yak. The yak gores you! x2
You slash the yak! You headbutt the yak.
The yak is heavily wounded.
You slash the yak! The yak gores you.
* * * LOW HITPOINT WARNING * * *
The yak gores you but does no damage.
You barely miss the yak.
The yak is heavily wounded.
You barely miss the yak. The yak gores you!
* * * LOW HITPOINT WARNING * * *
The yak gores you but does no damage.
You barely miss the yak.
The yak is heavily wounded.
You hit the yak. The yak gores you.
* * * LOW HITPOINT WARNING * * *
The yak gores you.
You die...

#.......# #.......'
#####################...#
#.......##.......####...#
####.......##.......+...####
#..'........#.......###.#
####........#.......###.####
#......Y.................
#......†@Y.........#.####
####........#...#####.......
###...........#...#######.....
#.............................
##.######..##.##.###.####.#'##
#.###...........###.####.#.#
#........................#.#
#........................#.##
#...........................#


You could see 2 yaks.

Vanquished Creatures
  2 yaks (D:4)
  An ogre (D:4)
  A scorpion (D:3)
  An orc wizard (D:4)
  3 gnolls (D:4)
  9 adders
  A river rat (D:3)
  6 worms
  A dart slug (D:1)
  9 orcs (D:4)
  6 endoplasms
  2 giant cockroaches
  10 goblins
  10 hobgoblins
  11 jackals
  8 kobolds
  2 quokkas
  5 ball pythons
  3 bats
  4 frilled lizards
  6 rats
101 creatures vanquished.

Notes
Turn   | Place    | Note
-------+----------+-------------------------------------------
     0 | D:1      | Babbit the Minotaur Fighter began the quest for the Orb.
     0 | D:1      | Reached XP level 1. HP: 19/19 MP: 0/0
   158 | D:1      | Reached XP level 2. HP: 27/27 MP: 1/1
   516 | D:1      | Reached XP level 3. HP: 33/33 MP: 2/2
  1323 | D:2      | You fall into a shaft and drop 2 floors!
  1333 | D:4      | Found a staircase to the Ecumenical Temple.
  1338 | Temple   | Entered the Ecumenical Temple
  1345 | Temple   | Became a worshipper of Warmaster Okawaru
  1384 | D:4      | Reached XP level 4. HP: 40/40 MP: 3/3
  1394 | D:3      | Found a faded altar of an unknown god.
  1932 | D:3      | Reached skill level 5 in Armour
  1940 | D:3      | Reached XP level 5. HP: 34/46 MP: 4/4
  2496 | D:4      | Found a shadowy altar of Dithmenos.
  2617 | D:4      | Noticed an ogre
  2713 | D:3      | Reached skill level 5 in Axes
  2713 | D:3      | Reached XP level 6. HP: 10/53 MP: 5/5
  3288 | D:4      | Found an opulent altar of Gozag.
  3422 | D:4      | Found a white marble altar of Elyvilon.
  3758 | D:5      | Entered Level 5 of the Dungeon
  3758 | D:5      | Noticed a yak
  3758 | D:5      | Noticed a yak
  3759 | D:5      | Noticed a yak
  3759 | D:5      | Noticed a yak
  3773 | D:4      | Killed a yak
  3773 | D:4      | Reached * piety under Okawaru
  3773 | D:4      | Killed a yak
  3774 | D:4      | Reached skill level 5 in Fighting
  3774 | D:4      | Reached skill level 1 in Dodging
  3774 | D:4      | Reached XP level 7. HP: 8/61 MP: 6/6
  3962 | D:4      | HP: 1/61 [yak (5)]
  3962 | D:4      | Slain by a yak

Illustrated notes

Levels and vault maps discovered:
D:1:      roderic_crop_circles_arrival_small, layout_basic, st_stairs_3,
          minivault_11
D:2:      layout_basic, minmay_misc_feat_more_columns,
          ebering_dispersal_statue_hall, minmay_misc_feat_encased,
          serial_park_tiny_2
D:3:      layout_rooms, lightli_sewer_entry_pipes,
          nicolae_ecumenical_lake_church, minmay_misc_feat_alley,
          grunt_ministairs_14, chequers_serial_rivers_micro_a
D:4:      layout_basic, mainiacjoe_overflow_alcove_4,
          mainiacjoe_overflow_catwalk, kennysheep_little_box,
          minmay_temple_entry_nine_rooms
D:5:      layout_basic, guppyfry_shop_venom, uniq_pikel, uniq_grinder,
          uniq_duvessa
Temple:   nicolae_temple_ecumenical_triangle

Skill      XL: |  1  2  3  4  5  6 |
---------------+-------------------+-----
Armour         | 4 5 6 |  6.8
Fighting       | 4 5 |  5.0
Shields        | 4 |  4.4
Axes           | 3 4 5 6 |  6.5
Dodging        | 1 |  1.1
Throwing       | |  0.4
Stealth        | |  0.4

Action                     |  1- 3 |  4- 6 |  7- 9 || total
---------------------------+-------+-------+-------++-------
  Melee: War axe           |    73 |   129 |     6 ||   208
         Headbutt          |    10 |    12 |     1 ||    23
  Throw: Javelin           |       |     4 |       ||     4
    Use: Scroll            |       |     5 |       ||     5
         Potion            |       |     4 |       ||     4
 Armour: Scale mail        |    39 |    48 |     3 ||    90
  Dodge: Dodged            |    38 |    63 |     3 ||   104
  Block: Buckler           |    10 |    22 |     3 ||    35
